 Dungeon Crawl Stone Soup version 0.25.0-9-g26727b657a (webtiles) character file.

Game seed: 13606244626790388130

27 Esekla the Skirmisher (level 3, -1/26 HPs)
             Began as an Octopode Abyssal Knight on June 16, 2020.
             Was a Follower of Lugonu.
             Slain by Robin
             ... wielding a +0 whip
              (7 damage)
             ... on level 2 of the Dungeon.
             The game lasted 00:03:03 (609 turns).

Esekla the Skirmisher (Octopode Abyssal Knight)      Turns: 609, Time: 00:03:03

Health: -1/26      AC:  1    Str: 11    XL:     3   Next: 10%
Magic:  4/4        EV: 14    Int: 14    God:    Lugonu [*.....]
Gold:   37         SH:  0    Dex: 12    Spells: 2/2 levels left

rFire    . . .     SeeInvis +   a - +1 falchion
rCold    . . .     Gourm    .   (no shield)
rNeg     . . .     Faith    .   (helmet restricted)
rPois    .         Spirit   .   (no amulet)
rElec    .         Reflect  .   c - ring of see invisible
rCorr    .         Harm     .   (no ring)
MR       .....                  (no ring)
Stlth    ++........             (no ring)
HPRegen  0.08/turn              (no ring)
MPRegen  0.09/turn              (no ring)
                                (no ring)
                                (no ring)

@: no status effects
A: almost no armour, stealthy swim, amphibious, 8 rings, constrict 8, camouflage
1, gelatinous body 1
a: Depart the Abyss, Renounce Religion


You were on level 2 of the Dungeon.
You worshipped Lugonu.
Lugonu was aware of your devotion.
You were not hungry.

You visited 1 branch of the dungeon, and saw 2 of its levels.
You visited the Abyss 1 time.

You collected 37 gold pieces.

Inventory:

Hand Weapons
 a - a +1 falchion (weapon)
Jewellery
 c - a ring of see invisible (left tentacle)
Scrolls
 e - a scroll of immolation {unknown}
Potions
 d - a potion of heal wounds {unknown}
 f - a potion of curing {unknown}
Comestibles
 b - 3 rations


   Skills:
 + Level 3.4 Fighting
 * Level 2.4 Long Blades
 * Level 2.8 Dodging
 + Level 0.3 Stealth
 + Level 2.1 Invocations


You had 2 spell levels left.
You didn't know any spells.
Your spell library was empty.

Dungeon Overview and Level Annotations

Branches:
Dungeon (2/15)

Altars:

Annotations:
D:2 Robin


Innate Abilities, Weirdness & Mutations

You cannot wear most types of armour.
You are very stealthy in the water. (Stealth+)
You are amphibious.
You can wear up to eight rings at the same time.
You can use your tentacles to constrict eight enemies at once.
Your skin changes colour to match your surroundings (Stealth+).
Your rubbery body absorbs attacks. (AC +1, EV +1)


Message History

You barely miss the goblin. Your grab misses the goblin.
Your squeeze misses the goblin. The goblin hits you with a +0 dagger.
* * * LOW HITPOINT WARNING * * *
You miss the goblin. You grab the goblin. Your squeeze misses the goblin.
You constrict the goblin, but do no damage.
The goblin hits you but does no damage.
You hit the goblin.
The goblin is severely wounded.
You constrict the goblin.
You kill the goblin!
Lugonu accepts your kill.
You hit Robin. Your grab misses Robin. Your squeeze misses Robin.
Robin is lightly wounded.
Robin closely misses you.
You riposte.
You hit Robin. You grab Robin.
Robin is lightly wounded.
Robin barely misses you.
You hit Robin.
Robin is heavily wounded.
You constrict Robin, but do no damage. Robin hits you with a +0 whip!
You die...

#.# #.# ###.# #.# #.#.#
#<# #.#.# #.#
########.#.# #.#
.........#.# #.#
...gg.lg...# #.#
###.#.#..#l# #.#
.........#.# #@#
..#.###..#.#####g#######
......>..g.g.l..........
.........#.##.##.#####.#
..#.###..#.##.##.#
#..#.......# #.
#.##.##.# . ..........#
...%..##.##..#


You could see Robin.

Vanquished Creatures
  A dart slug (D:1)
  A leopard gecko (D:1)
  8 goblins
  5 hobgoblins
  A kobold (D:1)
  A bat (D:1)
  2 frilled lizards
  2 rats (D:1)
21 creatures vanquished.

Vanquished Creatures (others)
  2 starspawn tentacles (Abyss:1)
2 creatures vanquished.

Grand Total: 23 creatures vanquished

Notes
Turn   | Place    | Note
-------+----------+-------------------------------------------
     0 | Abyss:1  | Esekla the Octopode Abyssal Knight began the quest for the
                  | Orb.
     0 | Abyss:1  | Reached XP level 1. HP: 16/16 MP: 2/2
    32 | Abyss:1  | Noticed a tentacled starspawn
    33 | Abyss:1  | Noticed a starcursed mass
    57 | D:1      | Escaped the Abyss
   308 | D:2      | Noticed a scorpion
   330 | D:1      | Reached * piety under Lugonu
   383 | D:1      | Reached XP level 2. HP: 19/21 MP: 3/3
   551 | D:2      | Noticed Robin
   593 | D:2      | Reached XP level 3. HP: 8/26 MP: 4/4
   609 | D:2      | Slain by Robin

Illustrated notes

Levels and vault maps discovered:
D:1:      shiori_arrival_maze, layout_basic, lemuel_old_faithful
D:2:      layout_basic, chequers_ecumenical_altar_twisty, uniq_sigmund,
          uniq_robin

Action                   || total
-------------------------++-------
Melee: Falchion          ||    33
       Constrict         ||    14
       Tentacles         ||     5
Invok: Depart the Abyss  ||     1
 Stab: Distracted        ||     1
       Sleeping          ||     3
Dodge: Dodged            ||    15
       Rpst.: Falchion   ||     6
